Map: Habitation Station LE (Void)

Players

RuinBlaster

  • Race: Terran Terran
  • League: Grandmaster
  • Spawn Location: 11:00

MarineLorD - Winner!

  • Race: Terran Terran
  • League: Master
  • Spawn Location: 1:00

Event: NationWars IV

VOD

Have the link to the VOD?

Description

Time

  • Played on: Jan. 6, 2017, 2:15 p.m.
  • Length: 11:09
Show
View Real Time Build Order
Export as new Build Order

RuinBlaster Terran 

Build Orders: Reaper Expand, MMM Bio 

Get SALT Encoding   

  12  0:01  SCV  
  13  0:13  SCV  
  14  0:17  Supply Depot  
  14  0:25  SCV  
  14  0:28  Refinery  
  15  0:39  SCV  
  16  0:45  Barracks  
  16  0:51  SCV  
  17  1:03  SCV  
  18  1:16  SCV  
  19  1:32  Orbital Command  
  19  1:33  Reaper  
  20  1:43  Command Center  
  20  1:53  Factory  
  20  1:59  SCV  
  21  2:05  Barracks Reactor  
  21  2:08  Supply Depot  
  21  2:11  SCV  
  22  2:21  Refinery  
  22  2:23  SCV  
  23  2:35  SCV  
  24  2:43  Marine x2  
  26  2:44  Starport, Hellion  
  26  2:49  SCV  
  29  2:55  Orbital Command  
  29  3:01  Marine x2  
  29  3:04  SCV  
  32  3:11  Hellion  
  34  3:16  SCV  
  34  3:19  Marine  
  35  3:20  Marine  
  35  3:21  SCV  
  38  3:27  Supply Depot  
  38  3:28  Medivac, SCV  
  38  3:33  SCV  
  42  3:38  Hellion  
  42  3:40  Marine, SCV  
  46  3:47  Engineering Bay  
  46  3:49  Marine  
  46  3:52  SCV x2  
  49  3:56  Supply Depot  
  49  4:04  Viking  
  49  4:05  Factory Tech Lab  
  49  4:06  SCV  
  51  4:11  SCV  
  51  4:12  Marine x2, Refinery  
  54  4:18  SCV  
  54  4:21  Supply Depot  
  54  4:23  SCV  
  56  4:31  SCV  
  57  4:37  Viking  
  55  4:46  SCV x2  
  55  4:48  Siege Tank  
  51  4:55  Marine  
  51  4:56  Marine  
  51  4:58  Terran Infantry Weapons Level 1, Barracks x2  
  50  5:03  Supply Depot  
  50  5:07  Starport Reactor  
  50  5:12  SCV  
  50  5:13  SCV  
  52  5:14  Refinery  
  52  5:16  Marine x2  
  54  5:22  Siege Tank  
  54  5:25  Supply Depot  
  54  5:28  SCV x2  
  59  5:35  Supply Depot  
  59  5:39  Marine x2  
  59  5:40  SCV x2  
  63  5:45  Viking x2  
  63  5:46  Barracks Tech Lab x2  
  67  5:56  Siege Tank  
  70  6:01  Marine x2, SCV  
  70  6:02  SCV  
  74  6:05  Combat Shields  
  74  6:06  Marine x2, Stimpack  
  76  6:13  Command Center  
  76  6:17  Medivac  
  78  6:19  Medivac  
  80  6:25  Supply Depot  
  80  6:26  Marine x2  
  80  6:29  Marine x2  
  84  6:46  Marine x2  
  86  6:47  Marine x2  
  86  6:49  Viking x2  
  92  6:56  Supply Depot x2  
  75  7:20  Marine x2  
  75  7:21  Marauder x2, SCV  
  75  7:22  SCV  
  70  7:34  SCV x2  
  70  7:35  Orbital Command  
  69  7:43  Barracks  
  69  7:44  Barracks  
  69  7:57  Medivac x2  
  69  7:58  Siege Tank  
  74  8:02  Marine x2  
  76  8:06  SCV  
  76  8:07  SCV  
  78  8:14  Marine x2  
  78  8:17  Orbital Command  
  78  8:18  SCV  
  78  8:19  Marine  
  81  8:24  Marine  
  83  8:32  Barracks Reactor  
  83  8:38  Starport Reactor  
  81  8:41  SCV x2  
  70  8:56  Marine  
  70  9:01  SCV x3  
  64  9:10  Siege Tank  
  64  9:12  Marine x2, Barracks Reactor  
  64  9:13  Marine x4  
  73  9:22  Engineering Bay  
  73  9:24  Armory  
  73  9:26  Marine  
  73  9:30  Marine x3, Supply Depot  
  73  9:31  Marine x3, Supply Depot  
  78  9:32  SCV  
  78  9:33  SCV x2  
  83  9:38  Engineering Bay  
  83  9:44  Marine, SCV  
  83  9:45  SCV x2  
  86  9:48  Marine x2  
  79  9:58  Marine x3  
  79  9:59  Marine  
  67  10:09  Marine x5  
  72  10:16  Siege Tank  
  75  10:28  Marine  
  75  10:29  Marine x7  
  75  10:34  Marine  
Show
View Real Time Build Order
Export as new Build Order

MarineLorD Terran - Winner!

Build Orders: Cyclone Opening, MMM Bio 

Get SALT Encoding   

  12  0:00  SCV  
  13  0:12  SCV  
  14  0:17  Supply Depot  
  14  0:24  SCV  
  15  0:29  Refinery  
  15  0:39  SCV  
  16  0:44  Barracks  
  16  0:51  SCV  
  17  0:58  Refinery  
  17  1:03  SCV  
  18  1:15  SCV  
  19  1:31  Orbital Command, Reaper  
  20  1:35  Factory  
  20  1:44  Supply Depot  
  20  1:56  SCV  
  21  2:03  Reaper  
  21  2:08  SCV  
  23  2:19  Cyclone  
  23  2:21  SCV  
  27  2:30  Command Center  
  27  2:33  SCV  
  28  2:38  Barracks Reactor  
  28  2:45  SCV  
  28  2:50  Starport  
  29  2:52  Supply Depot  
  29  2:57  SCV  
  30  2:58  Factory Tech Lab  
  30  3:09  SCV  
  31  3:15  Marine x2  
  33  3:21  SCV  
  34  3:28  Widow Mine  
  34  3:33  Marine  
  39  3:36  Raven  
  39  3:41  Marine, SCV  
  39  3:43  Orbital Command  
  41  3:51  Marine  
  41  3:53  SCV  
  43  3:59  Marine  
  44  4:06  SCV  
  44  4:08  Factory Tech Lab  
  44  4:09  SCV  
  45  4:18  Supply Depot, SCV  
  45  4:21  SCV  
  47  4:30  Siege Tank  
  47  4:31  SCV  
  49  4:40  Marine  
  49  4:45  Viking x2  
  49  4:47  SCV  
  49  4:48  Refinery  
  54  4:54  Supply Depot, SCV  
  54  4:58  Marine  
  55  5:01  SCV  
  55  5:06  SCV  
  57  5:08  Supply Depot  
  57  5:09  Barracks, Siege Tank  
  57  5:10  Barracks, Engineering Bay  
  60  5:14  SCV  
  60  5:16  Marine  
  60  5:18  SCV  
  60  5:19  Viking  
  65  5:26  Viking  
  65  5:28  SCV  
  68  5:30  SCV  
  68  5:32  Supply Depot  
  69  5:36  Missile Turret  
  69  5:37  Marine  
  69  5:41  SCV  
  69  5:42  SCV  
  72  5:49  Siege Tank  
  75  5:50  Refinery  
  75  5:53  SCV  
  75  5:54  SCV  
  77  5:57  Viking  
  79  6:04  Viking  
  79  6:07  Supply Depot  
  79  6:10  SCV x2  
  79  6:11  Supply Depot  
  83  6:18  Barracks Reactor  
  83  6:19  Barracks Reactor  
  83  6:20  Marine  
  83  6:22  SCV x2, Stimpack  
  86  6:29  Supply Depot x2  
  86  6:36  Viking  
  86  6:37  Viking  
  90  6:43  SCV  
  90  6:44  Marine, Barracks Reactor  
  92  7:02  Marine x2  
  92  7:05  Terran Infantry Weapons Level 1  
  92  7:06  Supply Depot  
  92  7:07  Barracks x2  
  87  7:20  Siege Tank  
  82  7:28  Medivac x2  
  83  7:33  Marine x5  
  83  7:35  SCV  
  90  7:41  Supply Depot x2  
  89  7:50  Marine x2  
  89  7:51  Marine x3  
  93  7:52  Siege Tank  
  93  7:57  Barracks Reactor  
  93  7:58  Barracks Reactor  
  95  8:08  Marine x2  
  97  8:14  Marine x3  
  100  8:20  Command Center  
  100  8:22  Combat Shields  
  100  8:26  Marine x2  
  102  8:28  Medivac  
  102  8:29  Medivac  
  102  8:32  Marine x2, Siege Tank  
  102  8:34  Marine x2  
  111  8:40  Marine x3  
  116  8:44  Marine x2  
  118  8:50  Marine x2  
  118  8:52  Marine x2  
  111  8:58  Marine x3  
  111  9:02  Marine x2  
  101  9:08  Marine x2  
  101  9:09  Marine  
  97  9:10  Marine  
  97  9:11  SCV x2  
  97  9:12  Terran Infantry Armor Level 1  
  97  9:15  Marine  
  97  9:16  Marine x2  
  104  9:17  Medivac  
  104  9:20  Medivac  
  109  9:24  SCV x2  
  109  9:30  Marine x3  
  113  9:41  Marine x2, Sensor Tower  
  113  9:42  Marine  
  113  9:43  Marine  
  117  9:48  Marine  
  118  9:54  Marine x2  
  113  10:01  Marine x3  
  113  10:06  Marine x3  
  113  10:07  Siege Tank  
  113  10:12  Orbital Command  
  115  10:15  Marine  
  115  10:16  Marine x2  
  115  10:18  Medivac  
  115  10:19  Medivac  
  122  10:26  Armory  
  122  10:29  Engineering Bay  
  122  10:31  Marine x2  
  122  10:32  Marine  
  125  10:40  Marine x4  
  125  10:41  Marine  
  125  10:42  Marine  
  131  10:49  Marine x2  
  133  10:50  Marine  
Tags
 
Add a new tag
Caveats
  • Supply blocks, unpowered buildings, or Contaminate may cause inaccurate times.
  • Supply counts are checked every 10 seconds.